 Dungeon Crawl Stone Soup version 0.30.1-4-g462c640d31 (webtiles) character file.

Game seed: 13348076225376410137

47 arthad the Trooper (level 3, -9/24 HPs)
             Began as a Gargoyle Fighter on Aug 20, 2023.
             Killed by divine providence
             ... invoked by an orc priest
              (11 damage)
             ... on level 2 of the Dungeon.
             The game lasted 00:01:15 (653 turns).

arthad the Trooper (Gargoyle Fighter)                Turns: 653, Time: 00:01:16

Health: -9/24      AC: 10    Str: 21    XL:     3   Next: 70%
Magic:  3/3        EV:  9    Int:  8    God:
Gold:   57         SH:  4    Dex:  9    Spells: 2/2 levels left

rFire   . . .        a - +0 flail
rCold   . . .        c - +0 buckler
rNeg    + . .        b - +0 scale mail
rPois   ∞            (no helmet)
rElec   +            (no cloak)
rCorr   .            (no gloves)
SInv    .            (no boots)
Will    .....        (no amulet) Stlth
                     (no ring)
HPRegen 0.24/turn    (no ring)
MPRegen 0.08/turn

%: no passive effects
@: no status effects
A: sickness immunity, AC +3, negative energy resistance 1, electricity
resistance, torment resistance 1, petrification resistance
a: no special abilities


You were on level 2 of the Dungeon.
You visited 1 branch of the dungeon, and saw 2 of its levels.

You collected 57 gold pieces.

Inventory:

Hand Weapons
 a - a +0 flail (weapon)
Armour
 b - a +0 scale mail (worn)
 c - a +0 buckler (worn)
 i - a +0 tower shield
Jewellery
 j - a ring of protection from cold
Scrolls
 g - 2 scrolls of poison {unknown}
Potions
 d - a potion of might
 e - a potion of curing {unknown}
 f - a potion of heal wounds {unknown}
 h - a potion of lignification {unknown}


   Skills:
 * Level 3.7 Fighting
 * Level 2.6 Maces & Flails
 * Level 3.7 Armour
 + Level 0.5 Dodging
 * Level 3.6 Shields


You had 2 spell levels left.
You didn't know any spells.
Your spell library contained the following spells:

 Spells                   Type           Power      Damage    Failure   Level
 Summon Small Mammal      Summ           0%         N/A       82%         1
 Call Canine Familiar     Summ           0%         N/A       99%         3
 Summon Guardian Golem    Hex/Summ       0%         N/A       99%         3


Dungeon Overview and Level Annotations

Branches:
Dungeon (2/15)

Altars:


Innate Abilities, Weirdness & Mutations

You are immune to sickness and miasma.
Your stone body is resilient. (AC +3)
You are immune to poison.
You resist negative energy. (rN+)
You are resistant to electric shocks. (rElec)
You are resistant to unholy torment.
You are immune to petrification.


Message History

You are too confused!
You are too confused!
You are too confused!
You are too confused!
You are too confused!
You are too confused!
You are too confused!
You are too confused!
You are too confused!
You are too confused!
You are too confused!
You closely miss the orc priest.
The orc priest is heavily wounded.
Something hits you but does no damage.
The orc priest calls down the wrath of Beogh upon you.
You barely resist.
You bump into the stone wall.
Something hits you but does no damage.
The orc priest hits you but does no damage.
You hit the orc priest.
The orc priest is severely wounded.
Something hits you. The orc priest misses you.
Something hits you but does no damage.
The orc priest hits you but does no damage.
The orc priest attacks as you move away!
The orc priest hits you with a +0 whip.
The orc priest mumbles some strange prayers to Beogh against you.
Beogh smites you!
Ouch! That really hurt!
* * * LOW HITPOINT WARNING * * *
You bump into the granite statue.
Something hits you but does no damage.
You miss something.
You feel less confused.
You hear some strange, mumbled words.
Something tries to affect you, but you resist.
You hit the orc priest.
The orc priest is almost dead.
Something hits you but does no damage.
The orc priest invokes the aid of Beogh against you.
Beogh smites you!
You die...

########..#
##.........#
#..8...8...#
$..........#
⌠..........# ....#
.......o...# #....#
#..8..)8o.# #....#
#...oo{@.# #....#
########.# #....#
........#### #....#
...........###....#####
...#######............#
## #.............
#.............
#.......†.....
#.............


You could see an orc priest and 3 orcs.

Vanquished Creatures
  An adder (D:2)
  2 dart slugs (D:1)
  An orc (D:2)
  A giant cockroach (D:1)
  8 goblins (D:1)
  3 hobgoblins (D:1)
  3 ball pythons (D:1)
  4 bats
  2 frilled lizards
  4 kobolds (D:1)
  3 rats (D:1)
32 creatures vanquished.

Notes
Turn   | Place    | Note
-------+----------+-------------------------------------------
     0 | D:1      | arthad the Gargoyle Fighter began the quest for the Orb.
     0 | D:1      | Reached XP level 1. HP: 14/14 MP: 1/1
    92 | D:1      | Reached XP level 2. HP: 14/19 MP: 2/2
   236 | D:1      | Found a faded altar of an unknown god.
   236 | D:1      | Noticed a floating eye
   301 | D:1      | Reached XP level 3. HP: 23/23 MP: 3/3
   434 | D:1      | Noticed a golden eye
   439 | D:1      | Noticed a great orb of eyes
   442 | D:1      | Noticed a great orb of eyes
   650 | D:2      | HP: 1/24 [orc priest/divine providence (16)]
   653 | D:2      | Killed from afar by an orc priest

Illustrated notes

Levels and vault maps discovered:
D:1:      reono_arrival_mine, layout_rooms,
          hellmonk_ecumenical_altar_watching_god, minmay_misc_feat_five
D:2:      cheibrodos_pilgrimage, layout_basic

Action                     || total
---------------------------++-------
  Melee: Flail             ||   113
 Armour: Scale mail        ||    81
  Dodge: Dodged            ||    58
  Block: Buckler           ||    38
